 Dungeon Crawl Stone Soup version 0.29-a0-321-gf1c400731a (webtiles) character file.

Game seed: 12935053579811031750

195 bande the Covered (level 5, -1/33 HPs)
             Began as a Gargoyle Fighter on Apr 3, 2022.
             Was an Initiate of Okawaru.
             Slain by an iguana (7 damage)
             ... in the Ecumenical Temple.
             The game lasted 00:04:28 (4333 turns).

bande the Covered (Gargoyle Fighter)                Turns: 4333, Time: 00:04:29

Health: -1/33      AC: 13    Str: 19    XL:     5   Next: 74%
Magic:  5/5        EV:  7    Int:  9    God:    Okawaru [......]
Gold:   139        SH:  4    Dex: 11    Spells: 4/4 levels left

rFire   . . .      SeeInvis .   a - +0 war axe
rCold   . . .      Faith    .   c - +0 buckler
rNeg    + . .      Spirit   .   j - +0 chain mail
rPois   ∞          Reflect  .   (no helmet)
rElec   +          Harm     .   (no cloak)
rCorr   .          Rampage  .   (no gloves)
Will    .....                   (no boots)
Stlth   ..........              (no amulet)
HPRegen 0.11/turn               (no ring)
MPRegen 0.09/turn               (no ring)

@: no status effects
A: sickness immunity, AC +4, negative energy resistance 1, electricity
resistance, torment resistance 1, petrification resistance
a: Renounce Religion


You were in the Ecumenical Temple.
You worshipped Okawaru.
Okawaru was noncommittal.
You visited 2 branches of the dungeon, and saw 5 of its levels.

You collected 139 gold pieces.

Inventory:

Hand Weapons
 a - a +0 war axe (weapon)
Armour
 c - a +0 buckler (worn)
 j - a +0 chain mail (worn)
Scrolls
 i - a scroll of identify
Potions
 d - a potion of might
 e - a potion of heal wounds {unknown}
 g - 2 potions of brilliance


   Skills:
 + Level 4.1 Fighting
 + Level 3.6 Axes
 + Level 4.2 Armour
 + Level 4.2 Shields


You had 4 spell levels left.
You didn't know any spells.
Your spell library was empty.

Dungeon Overview and Level Annotations

Branches:
Dungeon (4/15)             Temple (1/1) D:4

Altars:
Ashenzari
Cheibriados
Makhleb
Okawaru
Uskayaw
Wu Jian

Annotations:
D:3 1 runed translucent door, Crazy Yiuf


Innate Abilities, Weirdness & Mutations

You are immune to sickness and miasma.
Your stone body is resilient. (AC +4)
You are immune to poison.
You resist negative energy. (rN+)
You are resistant to electric shocks. (rElec)
You are resistant to unholy torment.
You are immune to petrification.


Message History

Okawaru welcomes you!
There is an open door here.
There is an open door here.
There is a staircase back to the Dungeon here.
You climb upwards.
Welcome back to the Dungeon!
The quokka bites you. The kobold barely misses you. The iguana bites you!
The quokka bites you.
There is a staircase to the Ecumenical Temple here.
Unknown command.
The kobold hits you but does no damage. The iguana bites you.
The quokka bites you.
You climb downwards.
Welcome back to the Ecumenical Temple!
There is a staircase back to the Dungeon here.
Unknown command.
You slash the kobold!
You kill the kobold!
Okawaru accepts your kill.
You closely miss the quokka. You closely miss the iguana.
You block the quokka's attack. The iguana bites you.
Unknown command.
The quokka closely misses you.
The iguana bites you but does no damage.
You block the quokka's attack.
Things that are here:
a +0 dagger; a kobold corpse Unknown command.
The iguana attacks as you move away! The iguana bites you.
You closely miss the iguana. You slash the quokka!
You kill the quokka!
Okawaru accepts your kill.
The iguana bites you but does no damage.
The iguana bites you.
* * * LOW HITPOINT WARNING * * *
You hit the iguana.
The iguana is lightly wounded.
The iguana bites you.
* * * LOW HITPOINT WARNING * * *
You hit the iguana but do no damage.
The iguana is lightly wounded.
The iguana bites you!
You die...

#...# #...# #...#
#######...#
##....##...###+###
#......#..........
#.<....'..........
#.l†...#..........
##@...##...###+###
#######...# #...#
#...# #...# #...#


You could see an iguana.

Vanquished Creatures
  Natasha (thrice) (D:2)
  3 adders
  A white imp (D:3)
  2 worms
  2 dart slugs (D:1)
  5 orcs (D:3)
  4 bats
  4 endoplasms
  5 giant cockroaches
  7 goblins
  9 hobgoblins
  3 jackals (D:3)
  A quokka (Temple)
  3 ball pythons (D:3)
  11 frilled lizards
  7 kobolds
  4 rats
74 creatures vanquished.

Vanquished Creatures (others)
  2 plants (D:1)
2 creatures vanquished.

Grand Total: 76 creatures vanquished

Notes
Turn   | Place    | Note
-------+----------+-------------------------------------------
     0 | D:1      | bande the Gargoyle Fighter began the quest for the Orb.
     0 | D:1      | Reached XP level 1. HP: 14/14 MP: 1/1
   297 | D:1      | Reached XP level 2. HP: 19/19 MP: 2/2
   605 | D:1      | Reached XP level 3. HP: 23/23 MP: 3/3
   667 | D:1      | Found a faded altar of an unknown god.
  1788 | D:2      | Found a snail-covered altar of Cheibriados.
  1803 | D:2      | Reached XP level 4. HP: 29/29 MP: 4/4
  1952 | D:2      | Noticed Natasha
  1964 | D:2      | Killed Natasha
  2591 | D:2      | Noticed Natasha
  2599 | D:2      | Killed Natasha
  2600 | D:2      | Reached XP level 5. HP: 17/33 MP: 5/5
  2852 | D:2      | Noticed Natasha
  2867 | D:2      | Killed Natasha
  3231 | D:3      | Found a runed translucent door.
  3232 | D:3      | Noticed Crazy Yiuf
  4027 | D:3      | Found a broken altar of Ashenzari.
  4043 | D:4      | Found a staircase to the Ecumenical Temple.
  4050 | Temple   | Entered the Ecumenical Temple
  4276 | Temple   | Became a worshipper of Warmaster Okawaru
  4333 | Temple   | Slain by an iguana

Illustrated notes

Levels and vault maps discovered:
D:1:      dpeg_arrival_signposts, layout_basic, ebering_ecumenical_altar_webs,
          minmay_lizard_king
D:2:      layout_basic, basic_altar, uniq_natasha
D:3:      layout_basic, cheibrodos_ashenzari_chains, uniq_crazy_yiuf_cottage,
          uniq_ijyb
D:4:      layout_loops_ring, minmay_temple_entry_crystal_x
Temple:   mainiacjoe_temple_cubbyholes

Skill      XL: |  1  2  3  4  5 |
---------------+----------------+-----
Axes           | 2 3 |  3.6
Shields        | 4 |  4.2
Armour         | 4 |  4.2
Fighting       | 4 |  4.1

Action                   |  1- 3 |  4- 6 || total
-------------------------+-------+-------++-------
Melee: War axe           |   120 |   122 ||   242
  Use: Scroll            |     1 |     4 ||     5
       Potion            |       |     2 ||     2
Armor: Scale mail        |    78 |    49 ||   127
       Chain mail        |       |    43 ||    43
Dodge: Dodged            |    56 |    68 ||   124
Block: Buckler           |    29 |    38 ||    67

Table legend: (Time is in decaauts)
 A = Elapsed time spent in this place.
 B = Non-inter-level travel time spent in this place.
 C = Inter-level travel time spent in this place.
 D = Time resting spent in this place.
 E = Time spent auto-exploring this place.
 F = Levels seen in this place.
 G = Mean time per level.
                   A        B        C        D        E       F      G
               +--------+--------+--------+--------+--------+-----+--------+
         Total |   4432 |   4355 |     77 |   1542 |   2124 |   5 |  886.4 |
       Dungeon |   4149 |   4072 |     77 |   1542 |   1912 |   4 | 1037.2 |
        Temple |    282 |    282 |      0 |      0 |    212 |   1 |  282.0 |
               +--------+--------+--------+--------+--------+-----+--------+

Top non-repeatable levels by time:
     D:2: 1722 daAuts
     D:1: 1556 daAuts
     D:3: 861 daAuts
  Temple: 282 daAuts
     D:4: 10 daAuts
